 Dungeon Crawl Stone Soup version 0.28.0-53-g5a82cb258f (webtiles) character file.

Game seed: 13594321772214415905

8451 Gabide the Fighter (level 11, -4/99 HPs)
             Began as a Palentonga Monk on Aug 21, 2022.
             Was a Believer of Dithmenos.
             Succumbed to a black mamba's poison
             ... on level 2 of the Lair of Beasts.
             The game lasted 00:24:17 (11068 turns).

Gabide the Fighter (Palentonga Monk)               Turns: 11068, Time: 00:24:19

Health: -4/99      AC: 15    Str: 20    XL:     11   Next: 10%
Magic:  11/11      EV: 12    Int: 10    God:    Dithmenos [**....]
Gold:   407        SH:  0    Dex: 12    Spells: 10/10 levels left

rFire   . . .      SeeInvis +     - Unarmed
rCold   + . .      Faith    .   (no shield)
rNeg    . . .      Spirit   .   j - +2 leather armour {rC+}
rPois   +          Reflect  .   x - +0 helmet
rElec   .          Harm     .   c - +1 cloak
rCorr   .          Rampage  .   a - +0 pair of gloves
Will    .....                   (no barding)
Stlth   ++........              v - amulet of regeneration
HPRegen 1.06/turn               i - +4 ring of protection
MPRegen 0.12/turn               w - ring of poison resistance

@: lethally poisoned (-4 -> -19), wreathed by umbra
A: large, rugged brown scales 3, see invisible, deformed body, roll 1, armoured
tail, reflexive curl
a: Rolling Charge, Renounce Religion, Shadow Step


You were on level 2 of the Lair of Beasts.
You worshipped Dithmenos.
Dithmenos was pleased with you.
You visited 3 branches of the dungeon, and saw 12 of its levels.

You collected 1389 gold pieces.
You spent 982 gold pieces at shops.

Inventory:

Missiles
 n - 29 poisoned darts
 y - a throwing net
Armour
 a - a +0 pair of gloves (worn)
 c - a +1 cloak (worn)
 j - a +2 leather armour of cold resistance (worn)
 x - a +0 helmet (worn)
Jewellery
 h - the necklace of Bloodlust {*Rage Will++ Int-3 Slay+6}
   (You bought it in a shop on level 1 of the Dungeon)

   [amulet of nothing]

   It extends the wearer's berserk rage when killing foes.
   Int:       It affects your intelligence (-3).
   Slay:      It affects your accuracy & damage with ranged weapons and melee
   (+6).
   *Rage:     It berserks you when you make melee attacks (+50% chance).
   Will:      It greatly increases your willpower.
 i - a +4 ring of protection (left hand)
 l - an amulet of magic regeneration
 q - a ring of resist corrosion
 v - an amulet of regeneration (around neck)
 w - a ring of poison resistance (right hand)
Wands
 r - a wand of polymorph (8)
 s - a wand of flame (29)
Scrolls
 b - a scroll of torment
 e - 2 scrolls of teleportation
 g - 3 scrolls of enchant weapon
 k - a scroll of noise
 z - 4 scrolls of identify
 B - 2 scrolls of silence
 C - a scroll of vulnerability
Potions
 d - a potion of heal wounds
 f - a potion of curing
 m - 2 potions of brilliance
 o - 4 potions of attraction
 p - 4 potions of lignification
 A - a potion of ambrosia {unknown}
 D - a potion of haste {unknown}
Miscellaneous
 E - a phantom mirror


   Skills:
 * Level 11.2 Fighting
 - Level 2.0 Armour
 + Level 6.9 Dodging
 - Level 1.2 Stealth
 * Level 11.2 Unarmed Combat


You had 10 spell levels left.
You didn't know any spells.
Your spell library contained the following spells:

 Spells                   Type           Power      Damage    Failure   Level
 Foxfire                  Conj/Fire      0%         2x1d4     41%         1
 Sandblast                Erth           0%         2d4       41%         1
 Slow                     Hex            0%         N/A       41%         1
 Corpse Rot               Necr/Air       0%         N/A       54%         2
 Passwall                 Tmut/Erth      0%         N/A       54%         2
 Poisonous Vapours        Pois/Air       0%         N/A       54%         2
 Confusing Touch          Hex            0%         N/A       78%         3
 Conjure Flame            Conj/Fire      0%         6-21      78%         3
 Gell's Gravitas          Tloc           0%         N/A       78%         3
 Inner Flame              Hex/Fire       0%         N/A       78%         3
 Lesser Beckoning         Tloc           0%         N/A       78%         3
 Ozocubu's Armour         Ice            0%         N/A       78%         3
 Stone Arrow              Conj/Erth      0%         3d7       78%         3
 Teleport Other           Tloc           0%         N/A       78%         3
 Vampiric Draining        Necr           0%         2d6       78%         3
 Flame Wave               Conj/Fire      0%         2d4       99%         4
 Metabolic Englaciation   Hex/Ice        0%         N/A       100%        5
 Conjure Ball Lightning   Conj/Air       0%         3x3d6     100%        6
 Simulacrum               Ice/Necr       0%         N/A       100%        6
 Discord                  Hex            0%         N/A       100%        8
 Disjunction              Tloc           0%         N/A       100%        8


Dungeon Overview and Level Annotations

Branches:
Dungeon (8/15)             Temple (1/1) D:7            Lair (3/6) D:8
  Swamp: Lair:2-4    Shoals: Lair:2-4     Snake: Lair:2-4    Spider: Lair:2-4

Altars:
Ashenzari
Cheibriados
Dithmenos
Fedhas
Gozag
Hepliaklqana
Kikubaaqudgha
Makhleb
Nemelex Xobeh
Okawaru
Qazlal
Ru
Sif Muna
Trog
Uskayaw
Vehumet
Wu Jian
Xom
Zin
The Shining One

Shops:
D:1 =

Annotations:
Lair:1 exclusions: 2 basilisks and 2 more exclusions


Innate Abilities, Weirdness & Mutations

You are completely covered in rugged brown scales. (AC +3, +7% HP)
You have supernaturally acute eyesight. (SInv)
Armour fits poorly on your strangely shaped body.
You can roll at nearby foes to attack.
You have a long armoured tail.
You curl defensively after being hit. (AC +7*)


Message History

The blink frog hits you but does no damage.
The blink frog misses you. The blink frog hits you!
* * * LOW HITPOINT WARNING * * *
The black mamba bites you but does no damage.
The blink frog hits you but does no damage.
You closely miss the black mamba.
The black mamba is severely wounded.
The blink frog hits you!
* * * LOW HITPOINT WARNING * * *
The black mamba bites you!
* * * LOW HITPOINT WARNING * * *
You are poisoned.
The black mamba poisons you!
The blink frog hits you but does no damage.
The blink frog blinks!
The blink frog closely misses you.
You completely miss the black mamba.
Your tail-slap misses the black mamba.
The black mamba is severely wounded.
* * * LOW HITPOINT WARNING * * *
You feel very sick.
The blink frog hits you but does no damage.
The black mamba bites you but does no damage.
The blink frog closely misses you. x2; The blink frog barely misses you.
The black mamba bites you but does no damage.
You feel better. The blink frog closely misses you. The black mamba bites you.
* * * LOW HITPOINT WARNING * * *
The blink frog barely misses you. The blink frog hits you!
* * * LOW HITPOINT WARNING * * *
The blink frog blinks!
Unknown command.
Blink to where?
Press: ? - help, Dir - move target, p - blink frog
As you read the scroll of blinking, it crumbles to dust.
There is a stone staircase leading up here.
The black mamba bites you!
* * * LOW HITPOINT WARNING * * *
You are lethally poisoned!
The black mamba poisons you!
The black mamba bites you but does no damage.
You climb upwards.
You die...

##...............§≈§≈≈k.#.$?.#
##...#..........≈≈≈≈≈≈.##?[>$#
#....#...#......≈≈≈≈≈≈.# [[$#
##.......#.......≈≈≈≈≈..#. ).#
#...#...#.......≈≈≈≈≈≈..####.
#...............§≈≈≈≈§...##..
#...#............≈≈≈§§§§....≈
#............S...≈≈≈§§§§≈≈≈§§
##......#....@..#..§§§§≈≈≈§≈≈≈
#..............^#...≈≈§§§≈§≈≈≈
#...............##...≈≈§§§≈≈≈§
##..............#P.....§§≈≈≈§≈
#........................≈≈§§
##.............P..##.........#
#...#.#.P#.+#.#..........#####
##..........#............##
###..#.......#.#.....P.....#


You could see a black mamba.

Vanquished Creatures
  A hydra (D:8)
  A black mamba (Lair:1)
  A molten gargoyle (Lair:1)
  2 cane toads
  3 komodo dragons (Lair:1)
  Grinder (D:3)
  Prince Ribbit (Lair:1)
  8 blink frogs
  A wyvern (Lair:1)
  A basilisk (Lair:2)
  5 yaks (Lair:1)
  2 water moccasins (Lair:1)
  A black bear (D:5)
  A sky beast (D:5)
  An orc warrior (D:8)
  5 ogres
  A centaur (D:5)
  A phantom (D:6)
  A kobold brigand (D:8)
  A wyvern zombie (D:6)
  6 bullfrogs
  2 scorpions
  A water moccasin zombie (D:5)
  6 killer bees (D:8)
  5 wights (D:6)
  4 electric eels (Lair:1)
  A bullfrog zombie (D:5)
  A lava snake (Lair:1)
  A centaur zombie (D:8)
  3 hounds
  2 jellies
  Crazy Yiuf (D:3)
  An orc priest (D:7)
  Jessica (D:3)
  An iguana (D:5)
  2 orc wizards (D:3)
  A hound zombie (D:5)
  Robin (D:3)
  3 gnolls (D:3)
  6 adders
  An ufetubus (D:6)
  An adder skeleton (D:4)
  3 worms
  4 dart slugs
  14 orcs
  5 endoplasms
  5 giant cockroaches
  17 goblins
  7 hobgoblins
  9 jackals
  14 kobolds
  4 quokkas
  3 ball pythons
  7 bats
  4 rats
  A fire vortex (Lair:1)
187 creatures vanquished.

Vanquished Creatures (others)
  A fungus (Lair:2)
  4 plants
5 creatures vanquished.

Grand Total: 192 creatures vanquished

Notes
Turn   | Place    | Note
-------+----------+-------------------------------------------
     0 | D:1      | Gabide the Palentonga Monk began the quest for the Orb.
     0 | D:1      | Reached XP level 1. HP: 19/19 MP: 1/1
    55 | D:1      | Found a faded altar of an unknown god.
   227 | D:1      | Reached XP level 2. HP: 25/25 MP: 2/2
   268 | D:1      | Found Zycruc's Jewellery Shoppe.
   377 | D:1      | Found Sytorphae's Magic Scroll Emporium.
   659 | D:1      | Reached XP level 3. HP: 25/31 MP: 3/3
  1953 | D:3      | Reached XP level 4. HP: 37/39 MP: 4/4
  2046 | D:3      | Found a shimmering blue altar of Sif Muna.
  2075 | D:3      | Noticed Robin
  2078 | D:3      | Killed Robin
  2273 | D:3      | Reached skill level 1 in Armour
  2290 | D:3      | Reached XP level 5. HP: 13/44 MP: 5/5
  2707 | D:3      | Noticed Jessica
  2730 | D:3      | Killed Jessica
  2859 | D:3      | Found a runed translucent door.
  2860 | D:3      | Noticed Crazy Yiuf
  2973 | D:3      | Noticed Grinder
  2996 | D:3      | Killed Grinder
  2997 | D:3      | Reached XP level 6. HP: 20/53 MP: 6/6
  3206 | D:3      | Found a broken altar of Ashenzari.
  3286 | D:3      | Killed Crazy Yiuf
  3287 | D:3      | Reached skill level 5 in Fighting
  3287 | D:3      | Reached skill level 5 in Unarmed Combat
  3995 | D:4      | Found Siakaos's Armour Boutique.
  4014 | D:5      | Entered Level 5 of the Dungeon
  4030 | D:5      | Gained mutation: You curl defensively after being hit. (AC
                  | +7*) [Palentonga growth]
  4030 | D:5      | Reached XP level 7. HP: 57/59 MP: 7/7
  4564 | D:5      | Reached XP level 8. HP: 38/69 MP: 8/8
  5965 | D:6      | Found an ancient bone altar of Kikubaaqudgha.
  5974 | D:6      | Found a hide-covered altar of Uskayaw.
  6373 | D:7      | Reached XP level 9. HP: 70/72 MP: 9/9
  6392 | D:7      | Reached skill level 5 in Dodging
  6675 | D:7      | Found a staircase to the Ecumenical Temple.
  6708 | Temple   | Entered the Ecumenical Temple
  6799 | Temple   | Became a worshipper of Dithmenos the Shadowed
  6799 | Temple   | Reached * piety under Dithmenos
  6799 | Temple   | Reached ** piety under Dithmenos
  7341 | D:8      | Found a staircase to the Lair.
  7818 | Lair:1   | Entered Level 1 of the Lair of Beasts
  7819 | Lair:1   | Noticed a black mamba
  7821 | Lair:1   | Noticed a komodo dragon
  7824 | Lair:1   | Killed a black mamba
  7830 | Lair:1   | Killed a komodo dragon
  7996 | Lair:1   | Identified a scroll of acquirement
  7997 | Lair:1   | Acquired 891 gold pieces
  8188 | D:1      | Bought the necklace of Bloodlust {*Rage Will++ Int-3
                  | Slay+6} for 555 gold pieces
  8188 | D:1      | Found the necklace of Bloodlust {*Rage Will++ Int-3 Slay+6}
  8237 | D:1      | Bought a scroll of blinking for 82 gold pieces
  8237 | D:1      | Bought a scroll of enchant armour for 82 gold pieces
  8237 | D:1      | Bought a scroll of identify for 22 gold pieces
  8237 | D:1      | Bought a scroll of fog for 22 gold pieces
  8237 | D:1      | Bought a scroll of identify for 22 gold pieces
  8237 | D:1      | Bought a scroll of silence for 82 gold pieces
  8237 | D:1      | Bought a scroll of vulnerability for 82 gold pieces
  8237 | D:1      | Bought a scroll of teleportation for 33 gold pieces
  8503 | Lair:1   | Noticed a komodo dragon
  8507 | Lair:1   | Noticed a cane toad
  8508 | Lair:1   | Killed a komodo dragon
  8514 | Lair:1   | Killed a cane toad
  8515 | Lair:1   | Reached XP level 10. HP: 88/88 MP: 10/10
  8960 | Lair:1   | Noticed a four-headed hydra
  8961 | Lair:1   | Reached skill level 10 in Fighting
  8961 | Lair:1   | Noticed Prince Ribbit
  9130 | D:8      | Killed a four-headed hydra
  9131 | D:8      | Reached skill level 10 in Unarmed Combat
  9425 | Lair:1   | Killed Prince Ribbit
  9461 | Lair:1   | Noticed a molten gargoyle
  9472 | Lair:1   | Killed a molten gargoyle
  9731 | Lair:1   | Reached XP level 11. HP: 99/99 MP: 11/11
 10906 | Lair:2   | Noticed a lindwurm
 10933 | Lair:2   | Noticed a lindwurm
 10963 | Lair:2   | Noticed a lindwurm
 10967 | Lair:2   | Noticed a lindwurm
 11061 | Lair:3   | HP: 3/99 [blink frog (9)]
 11067 | Lair:3   | HP: 3/99 [black mamba (7)]
 11068 | Lair:2   | Succumbed to a black mamba's poison

Illustrated notes

Levels and vault maps discovered:
D:1:      eino_arrival_cavern_b, layout_basic,
          hellmonk_ecumenical_altar_run_dry, serial_shops, shop, shop
D:2:      layout_basic
D:3:      layout_basic, mainiacjoe_overflow_alcove_4,
          mainiacjoe_overflow_catwalk, lightli_corner_chamber,
          uniq_crazy_yiuf_cottage, uniq_grinder, uniq_robin, uniq_jessica
D:4:      layout_rooms, serial_shops, nicolae_shop_crystal,
          guppyfry_early_lair_pool
D:5:      layout_loops_ring
D:6:      layout_loops_ring, amethyst_overflow_temple_binary
D:7:      layout_loops_ring, minmay_temple_entry_ruins, grunt_ogre_cave,
          grunt_decor_arrowhead
D:8:      layout_cave_pools, lair_entry_dummy, serial_glass, glass_columns_a,
          glass_columns_c, hangedman_abyss_or_decor_clamps
Temple:   nicolae_temple_elliptical
Lair:1:   layout_gridlike, disabler_island, uniq_prince_ribbit2
Lair:2:   layout_chaotic_city, minmay_lindwurm_lava, lemuel_fruit_fields
Lair:3:   layout_regular_city, serial_bayou_pond_e

Skill      XL: |  1  2  3  4  5  6  7  8  9 10 |
---------------+-------------------------------+-----
Unarmed Combat | 4 5 6 7 9 11 | 11.2
Fighting       | 4 5 6 7 9 11 | 11.2
Armour         | 1 2 |  2.0
Dodging        | 3 4 5 6 |  6.9
Stealth        | |  1.2

Action                   |  1- 3 |  4- 6 |  7- 9 | 10-12 || total
-------------------------+-------+-------+-------+-------++-------
Melee: Unarmed           |   140 |   185 |   305 |    93 ||   723
       Tailslap          |    14 |    21 |    47 |    19 ||   101
       Punch             |     2 |     4 |    12 |     7 ||    25
 Abil: Rolling Charge    |    16 |    27 |    35 |    19 ||    97
  Use: Scroll            |     2 |     2 |     7 |     6 ||    17
       Potion            |       |     3 |       |     6 ||     9
 Stab: Invisible         |       |     1 |       |       ||     1
Armor: Robe              |    47 |       |       |       ||    47
       Leather armour    |    15 |    58 |   111 |    47 ||   231
Dodge: Dodged            |    75 |    74 |   166 |    65 ||   380
